Map: [ESL] Goldenaura

Players

Serral - Winner!

  • Race: Zerg Zerg
  • Spawn Location: 5:00

LiquidElazer (Elazer)

  • Race: Zerg Zerg
  • Spawn Location: 12:00

Event: HomeStory Cup XXIV

VOD

Have the link to the VOD?

Description

Time

  • Played on: Dec. 1, 2023, 10:32 a.m.
  • Length: 9:25

All games in this series

Show
View Real Time Build Order
Export as new Build Order

Serral Zerg - Winner!

Build Orders: Hatch First 

Get SALT Encoding   

  12  0:00  Drone  
  13  0:11  Overlord  
  13  0:16  Drone  
  14  0:30  Drone x2  
  16  0:47  Hatchery  
  15  0:50  Drone  
  15  0:54  Drone  
  18  0:57  Drone  
  18  1:07  Extractor  
  17  1:12  Spawning Pool  
  17  1:16  Drone  
  17  1:19  Drone  
  18  1:27  Drone  
  19  1:38  Drone  
  20  1:48  Drone  
  21  1:59  Queen x2  
  21  2:00  Zergling x2, Overlord  
  26  2:07  Metabolic Boost  
  26  2:09  Drone  
  26  2:10  Drone  
  28  2:21  Drone x2  
  30  2:32  Hatchery  
  30  2:35  Drone  
  30  2:38  Drone  
  30  2:41  Drone  
  32  2:47  Baneling Nest  
  32  2:50  Overlord  
  31  2:54  Drone  
  31  2:55  Drone  
  33  3:03  Drone  
  33  3:04  Drone  
  35  3:07  Zergling x2  
  35  3:08  Zergling x6  
  35  3:10  Zergling x2  
  35  3:12  Zergling x2  
  41  3:18  Overlord  
  41  3:19  Drone  
  42  3:24  Queen  
  44  3:30  Baneling x2  
  44  3:37  Zergling x2, Drone  
  44  3:40  Drone x5  
  51  3:41  Drone  
  51  3:46  Drone x3  
  53  3:58  Zergling x2, Drone x2  
  53  4:00  Baneling  
  55  4:03  Extractor  
  55  4:04  Roach Warren, Overlord  
  55  4:06  Baneling  
  55  4:07  Drone x2  
  55  4:09  Zergling x2  
  56  4:11  Drone  
  57  4:18  Overlord  
  57  4:20  Lair  
  57  4:21  Zergling x2  
  57  4:22  Drone x2  
  57  4:23  Drone  
  61  4:28  Drone x2  
  61  4:30  Extractor, Evolution Chamber  
  61  4:33  Drone x3  
  61  4:36  Overlord  
  61  4:37  Drone  
  65  4:39  Drone  
  65  4:46  Drone  
  65  4:48  Drone x3  
  65  4:49  Drone x2  
  71  4:53  Extractor  
  71  4:56  Overlord  
  70  5:01  Roach x3  
  70  5:02  Roach  
  70  5:06  Overlord  
  78  5:13  Extractor, Roach  
  78  5:14  Roach, Overlord x2  
  81  5:19  Roach x2, Spine Crawler  
  84  5:23  Roach  
  84  5:24  Roach x2  
  84  5:26  Baneling x3  
  84  5:28  Roach x2  
  93  5:32  Baneling x2  
  93  5:34  Roach x3  
  99  5:39  Roach x3  
  99  5:40  Baneling  
  105  5:44  Roach  
  105  5:52  Zergling x2, Roach x4  
  110  5:59  Roach x3  
  110  6:03  Overlord x2  
  106  6:04  Overlord  
  106  6:05  Overlord  
  106  6:09  Roach  
  106  6:10  Roach  
  104  6:13  Queen  
  104  6:16  Zerg Missile Weapons Level 1  
  104  6:17  Roach  
  104  6:20  Queen  
  106  6:25  Glial Reconstitution  
  106  6:29  Baneling x2  
  106  6:31  Roach x2  
  110  6:33  Roach  
  110  6:34  Zergling x4  
  110  6:37  Overlord  
  118  6:40  Roach x2  
  118  6:44  Ravager  
  118  6:46  Roach x2  
  123  6:51  Roach, Spine Crawler  
  124  6:58  Roach x3  
  111  7:06  Roach  
  111  7:07  Roach  
  97  7:11  Queen  
  97  7:13  Roach  
  97  7:15  Roach  
  95  7:21  Roach  
  95  7:22  Roach x4  
  102  7:30  Roach x3  
  102  7:39  Roach x4  
  102  7:43  Ravager  
  102  7:44  Ravager  
  110  7:45  Overlord  
  110  7:46  Roach  
  110  7:47  Roach x3  
  118  7:54  Overlord  
  118  7:56  Roach x2  
  122  8:04  Overlord  
  122  8:14  Roach x7  
  122  8:19  Roach  
  138  8:24  Overseer  
  138  8:27  Roach x2  
  142  8:37  Roach  
  142  8:38  Roach x2  
  145  8:46  Overlord  
  145  8:47  Overlord  
  145  8:57  Overlord x2  
  145  8:59  Ravager  
Show
View Real Time Build Order
Export as new Build Order

LiquidElazer Zerg 

Build Orders: Hatch First 

Get SALT Encoding   

  12  0:00  Drone  
  13  0:11  Overlord  
  13  0:16  Drone  
  14  0:30  Drone x2  
  16  0:48  Hatchery  
  15  0:51  Drone  
  15  0:54  Drone  
  17  0:57  Drone  
  18  1:08  Extractor  
  17  1:13  Spawning Pool  
  17  1:16  Drone  
  17  1:19  Drone  
  18  1:27  Drone  
  19  1:38  Drone  
  20  1:48  Drone  
  21  2:00  Drone x2, Queen x2  
  27  2:11  Drone, Metabolic Boost, Overlord  
  28  2:29  Drone, Hatchery  
  28  2:31  Drone  
  28  2:34  Zergling x2  
  30  2:37  Drone  
  30  2:43  Drone x2  
  33  2:46  Baneling Nest  
  32  2:52  Overlord  
  32  2:54  Drone  
  33  3:03  Drone  
  33  3:04  Drone  
  35  3:07  Drone, Overlord  
  35  3:10  Queen  
  35  3:12  Zergling x2  
  39  3:14  Zergling x2  
  39  3:16  Drone  
  39  3:18  Drone  
  42  3:20  Drone  
  42  3:22  Drone  
  44  3:30  Evolution Chamber  
  44  3:32  Drone x2  
  44  3:33  Baneling x2  
  45  3:38  Zergling x8  
  45  3:41  Zergling x2  
  50  3:44  Zergling x4  
  52  3:54  Zergling x4  
  52  3:58  Overlord  
  52  3:59  Drone x2  
  52  4:02  Zerg Ground Armor Level 1  
  54  4:07  Drone x2  
  54  4:08  Roach Warren  
  55  4:10  Drone x2  
  55  4:12  Drone  
  58  4:17  Overlord  
  58  4:20  Overlord  
  58  4:24  Overlord  
  58  4:26  Extractor  
  58  4:27  Extractor  
  58  4:28  Overlord  
  56  4:35  Overlord  
  56  4:43  Overlord  
  56  4:50  Roach x5  
  66  4:58  Extractor x2  
  66  4:59  Roach x3  
  70  5:03  Roach  
  70  5:06  Zergling x6  
  70  5:07  Zergling x6  
  78  5:09  Roach  
  78  5:10  Roach  
  84  5:19  Roach  
  86  5:23  Roach x3  
  86  5:25  Zergling x6  
  86  5:28  Zergling x4  
  97  5:30  Baneling x3  
  97  5:32  Zergling x2  
  98  5:36  Baneling x2  
  98  5:40  Zergling x8  
  102  5:43  Baneling  
  102  5:44  Baneling  
  102  5:46  Baneling  
  98  5:51  Zergling x10  
  98  5:55  Zergling x4  
  98  5:58  Zergling x4  
  98  6:01  Zergling x4  
  96  6:05  Zergling x4  
  96  6:09  Zergling x4  
  89  6:15  Zergling x8  
  89  6:19  Ravager  
  89  6:20  Ravager x2  
  89  6:22  Ravager  
  89  6:24  Zergling x6  
  96  6:31  Zergling x2, Ravager  
  96  6:32  Zergling x6  
  101  6:36  Zergling x6  
  101  6:39  Baneling x2  
  104  6:40  Baneling  
  104  6:41  Zergling x2  
  104  6:44  Baneling  
  104  6:46  Baneling  
  105  6:47  Zergling x2  
  105  6:48  Zergling x4  
  93  7:02  Zergling x16  
  93  7:06  Zergling x6  
  89  7:11  Zergling x4  
  89  7:14  Zergling x6  
  87  7:20  Zergling x4  
  85  7:27  Zergling x4  
  82  7:31  Zergling x2  
  82  7:33  Ravager  
  82  7:36  Drone x2  
  84  7:38  Lair  
  84  7:41  Drone  
  84  7:43  Drone x3  
  88  7:45  Drone  
  88  7:46  Drone  
  88  7:50  Drone x2  
  92  7:52  Drone x2  
  92  7:55  Drone  
  95  8:00  Drone x2  
  95  8:03  Extractor  
  95  8:04  Extractor  
  95  8:07  Extractor  
  90  8:15  Roach x6  
  90  8:18  Roach x2  
  99  8:23  Roach x2  
  97  8:28  Roach x3  
  97  8:30  Roach  
  97  8:33  Roach  
  106  8:36  Roach x2  
  106  8:39  Roach  
  108  8:41  Roach  
  108  8:44  Ravager x3  
  113  8:54  Spine Crawler  
  113  8:55  Spine Crawler  
  111  8:56  Roach  
  111  8:57  Ravager  
  114  9:06  Spine Crawler x2  
Tags
 
Add a new tag
Caveats
  • Supply blocks, unpowered buildings, or Contaminate may cause inaccurate times.
  • Supply counts are checked every 10 seconds.